Map: Dusk Towers

Players

LilDicky - Winner!

  • Race: Terran Terran
  • League: Diamond

Aesto

  • Race: Protoss Protoss
  • League: Diamond

VOD

http://www.twitch.tv/tumescentpie

Description

Time

  • Played on: Jan. 2, 2016, 1:53 p.m.
  • Length: 6:33
Show
View Real Time Build Order
Export as new Build Order

LilDicky Terran - Winner!

Build Orders: MMM Bio 

Get SALT Encoding   

  12  0:07  SCV  
  13  0:19  SCV  
  14  0:23  Supply Depot  
  14  0:31  SCV  
  14  0:33  Refinery  
  15  0:45  SCV  
  16  0:55  Barracks  
  16  0:57  SCV  
  17  1:09  SCV  
  18  1:21  SCV  
  20  1:41  Marine  
  20  1:42  Supply Depot  
  20  1:44  Orbital Command  
  20  1:46  Factory  
  20  2:01  Marine  
  20  2:08  Barracks  
  21  2:09  SCV  
  21  2:10  Barracks  
  22  2:21  SCV  
  22  2:22  Refinery  
  23  2:23  Barracks Reactor  
  23  2:35  Supply Depot  
  23  2:55  Barracks Tech Lab  
  23  2:56  Barracks Tech Lab  
  23  3:01  Marine x2  
  23  3:02  Widow Mine  
  26  3:22  Marine x3  
  26  3:23  Combat Shields, Stimpack  
  26  3:24  Marine  
  30  3:40  Marine x2  
  34  3:45  Marauder x2  
  34  3:46  SCV  
  37  3:51  Starport  
  37  3:58  Marine  
  37  4:02  Marine  
  37  4:08  Marauder  
  38  4:19  Supply Depot  
  38  4:20  Hellion, Marauder  
  38  4:22  Marine  
  38  4:23  Marine  
  44  4:29  Marine  
  45  4:31  Medivac  
  47  4:39  Supply Depot  
  47  4:42  Concussive Shells  
  45  4:54  Marauder x2, Marine  
  50  5:02  SCV  
  50  5:05  Medivac  
  57  5:21  Marauder x2  
  57  5:23  Marine  
  58  5:34  Marine  
  61  5:42  Marauder  
  61  5:53  Widow Mine  
  61  6:08  Marine x2  
Show
View Real Time Build Order
Export as new Build Order

Aesto Protoss 

Build Orders: 1 Gate Expand 

Get SALT Encoding   

  12  0:00  Probe (Chrono Boost)  
  13  0:11  Probe (Chrono Boost)  
  14  0:22  Pylon  
  14  0:25  Probe (Chrono Boost)  
  15  0:40  Probe (Chrono Boost)  
  16  0:46  Gateway  
  16  0:47  Assimilator  
  16  0:50  Probe (Chrono Boost)  
  17  1:01  Probe (Chrono Boost)  
  18  1:11  Probe (Chrono Boost)  
  19  1:22  Probe (Chrono Boost)  
  20  1:29  Nexus  
  21  1:33  Probe (Chrono Boost)  
  21  1:39  Cybernetics Core  
  21  1:43  Probe (Chrono Boost)  
  22  1:47  Pylon  
  22  1:54  Probe (Chrono Boost)  
  23  2:06  Probe (Chrono Boost)  
  24  2:09  Gateway  
  24  2:15  Adept, Warp Gate  
  26  2:18  Mothership Core (Chrono Boost)  
  28  2:36  Probe (Chrono Boost)  
  29  2:39  Gateway  
  29  2:47  Probe (Chrono Boost)  
  30  2:53  Gateway  
  30  2:56  Robotics Facility  
  30  2:57  Probe (Chrono Boost)  
  31  3:22  Probe x2 (Chrono Boost)  
  33  3:44  Probe (Chrono Boost), Observer (Chrono Boost)  
  33  3:45  Probe  
  36  3:54  Probe  
  36  3:57  Probe  
  36  4:05  Probe  
  36  4:09  Probe  
  38  4:15  Probe  
  39  4:17  Observer (Chrono Boost)  
  39  4:21  Probe  
  39  4:22  Assimilator  
  41  4:26  Probe, Zealot x2  
  41  4:31  Pylon  
  46  4:32  Pylon  
  46  4:40  Pylon  
  46  4:49  Probe  
  46  4:50  Immortal (Chrono Boost)  
  51  5:10  Probe  
  51  5:11  Probe, Nexus  
  53  5:14  Assimilator  
  53  5:18  Pylon, Assimilator  
  53  5:22  Pylon  
  53  5:23  Warp Prism (Chrono Boost)  
  55  5:28  Pylon  
  55  5:31  Adept x4  
  62  5:49  Pylon  
  58  5:52  Adept x4  
Tags
 
Add a new tag
Caveats
  • Supply blocks, unpowered buildings, or Contaminate may cause inaccurate times.
  • Supply counts are checked every 10 seconds.